 Dungeon Crawl Stone Soup version 0.30-a0-918-g0ff054e9dc (webtiles) character file.

Game seed: 10099257077996684309

54718 octoduck the Black Sun (level 14, -3/78 HPs)
             Began as a Deep Elf Necromancer on Mar 14, 2023.
             Was a High Priest of Kikubaaqudgha.
             Slain by an orc warrior
             ... wielding a +0 dire flail
             ... led by an orc warlord
              (15 damage)
             ... on level 12 of the Dungeon on Mar 20, 2023.
             The game lasted 02:15:24 (30275 turns).

octoduck the Black Sun (Deep Elf Necromancer)      Turns: 30275, Time: 02:15:24

Health: -3/78      AC: 13    Str:  5    XL:     14   Next: 35%
Magic:  3/31       EV: 19    Int: 28    God:    Kikubaaqudgha [*****.]
Gold:   763        SH:  5    Dex: 18    Spells: 3/36 levels left

rFire   + + +      SeeInvis .    y - +3 hammer of Discord {speed, +Blink rF+ Int+2 Dex+3}
rCold   + . .      Faith    +    m - +0 buckler
rNeg    . . .      Spirit   .    L - +2 robe {Will+}
rPois   +          Reflect  .    w - +2 helmet
rElec   .          Rampage  .    k - scarf {rC+ rF+}
rCorr   .                        u - +2 pair of gloves {hurl}
Will    ++...                    A - +2 pair of boots
Stlth   +++                      o - amulet of faith
HPRegen 0.33/turn                C - ring of protection from fire
MPRegen 0.22/turn                O - ring of poison resistance

@: death channelling, studying Throwing
A: no striking features
a: Renounce Religion, Evoke Blink, Unearth Wretches, Torment


You were on level 12 of the Dungeon.
You worshipped Kikubaaqudgha.
Kikubaaqudgha was extremely pleased with you.
You visited 4 branches of the dungeon, and saw 20 of its levels.

You collected 1363 gold pieces.
You spent 600 gold pieces at shops.

Inventory:

Hand Weapons
 y - the +3 hammer of Discord (weapon) {speed, +Blink rF+ Int+2 Dex+3}
   (You found it on level 5 of the Dungeon)

   Int:       It affects your intelligence (+2).
   Dex:       It affects your dexterity (+3).
   rF:        It protects you from fire.
   +Blink:    It lets you blink.
Missiles
 B - a throwing net
Armour
 k - a scarf of resistance (worn)
 m - a +0 buckler (worn)
 u - a +2 pair of gloves of hurling (worn)
 w - a +2 helmet (worn)
 A - a +2 pair of boots (worn)
 L - a +2 robe of willpower (worn)
 M - a +1 robe of cold resistance
Jewellery
 n - an amulet of magic regeneration
 o - an amulet of faith (around neck)
 z - a ring of see invisible
 C - a ring of protection from fire (left hand)
 O - a ring of poison resistance (right hand)
 R - a ring of wizardry
 Z - a ring of flight
Wands
 e - a wand of mindburst (6)
 v - a wand of polymorph (11)
 D - a wand of flame (24)
 I - a wand of digging (13)
 K - a wand of paralysis (14)
 U - a wand of iceblast (11)
Scrolls
 a - a scroll of enchant weapon
 c - 2 scrolls of fog
 g - a scroll of blinking
 h - a scroll of identify
 p - 3 scrolls of poison
 s - 2 scrolls of immolation
 E - 3 scrolls of enchant armour
 Q - 3 scrolls of teleportation
 V - a scroll of vulnerability
 W - a scroll of silence {unknown}
Potions
 b - 2 potions of heal wounds
 i - a potion of ambrosia {unknown}
 j - a potion of might {unknown}
 l - 4 potions of invisibility
 F - 3 potions of cancellation
 G - 2 potions of flight
 H - 6 potions of resistance
 J - a potion of brilliance
 S - 3 potions of haste
 T - 3 potions of berserk rage
 X - a potion of curing
Miscellaneous
 d - a piece from Xom's chessboard (15/15)


   Skills:
 - Level 5.0 Fighting
 - Level 12.0 Dodging
 - Level 6.3 Stealth
 - Level 2.1 Shields
 - Level 11.7 Spellcasting
 + Level 8.0 Conjurations
 - Level 8.6 Hexes
 - Level 5.0 Summonings
 - Level 16.1 Necromancy
 * Level 10.0 Ice Magic
 - Level 7.1 Air Magic


You had 3 spell levels left.
You knew the following spells:

 Your Spells              Type           Power      Damage    Failure   Level
a - Necrotise             Necr           100%       1d9       0%          1
b - Freezing Cloud        Conj/Ice/Air   29%        6-21      3%          5
c - Simulacrum            Ice/Necr       37%        N/A       3%          6
d - Sublimation of Blood  Necr           82%        N/A       0%          2
e - Dispel Undead         Necr           82%        3d27      1%          4
f - Agony                 Necr           82%        N/A       1%          5
g - Death Channel         Necr           41%        N/A       1%          6
h - Anguish               Hex/Necr       36%        N/A       1%          4

Your spell library contained the following spells:

 Spells                   Type           Power      Damage    Failure   Level
 Summon Small Mammal      Summ           100%       N/A       1%          1
 Poisonous Vapours        Pois/Air       72%        N/A       1%          2
 Static Discharge         Conj/Air       100%       2-7/arc   1%          2
 Call Canine Familiar     Summ           44%        N/A       1%          3
 Frozen Ramparts          Ice            100%       1d16      1%          3
 Hailstorm                Conj/Ice       61%        3d13      1%          3
 Summon Guardian Golem    Hex/Summ       53%        N/A       1%          3
 Vampiric Draining        Necr           82%        2d11      1%          3
 Vhi's Electric Charge    Tloc/Air       72%        N/A       3%          3
 Beastly Appendage        Tmut           32%        N/A       4%          1
 Sting                    Tmut/Pois      64%        1d6       4%          1
 Kindle Blastsparks       Fire/Tloc/Air  58%        2d14      4%          3
 Wereblood                Tmut           16%        N/A       7%          2
 Ignite Poison            Fire/Tmut/Pois 16%        N/A       13%         3
 Spider Form              Tmut/Pois      16%        N/A       13%         3
 Animate Dead             Necr           82%        N/A       1%          4
 Fulminant Prism          Conj/Hex       29%        3d14      1%          4
 Summon Ice Beast         Ice/Summ       56%        N/A       1%          4
 Ice Form                 Ice/Tmut       44%        N/A       5%          4
 Arcjolt                  Conj/Air       28%        1d38      5%          5
 Lightning Bolt           Conj/Air       28%        1d44      5%          5
 Leda's Liquefaction      Hex/Erth       20%        N/A       8%          4
 Iskenderun's Mystic Bla  Conj/Tloc      38%        2d9       9%          4
 Olgreb's Toxic Radiance  Pois           16%        N/A       41%         4
 Summon Forest            Summ/Tloc      15%        N/A       41%         5
 Lee's Rapid Deconstruct  Erth           8%         3d7*      77%         5
 Summon Hydra             Summ           22%        N/A       99%         7
 Eringya's Noxious Bog    Tmut/Pois      8%         N/A       100%        6
 Statue Form              Tmut/Erth      10%        N/A       100%        6
 Polar Vortex             Ice            32%        N/A       100%        9


Dungeon Overview and Level Annotations

Branches:
Dungeon (13/15)            Temple (1/1) D:4            Lair (5/5) D:11
 Shoals (0/4) Lair:2       Spider (0/4) Lair:3        Slime (0/5) Lair:5
    Orc (1/2) D:12
 Vaults: D:13-14

Altars:
Cheibriados
Dithmenos
Elyvilon
Fedhas
Gozag
Hepliaklqana
Kikubaaqudgha
Makhleb
Nemelex Xobeh
Okawaru
Qazlal
Ru
Sif Muna
Trog
Uskayaw
Vehumet
Wu Jian
Xom
Yredelemnul
Zin
The Shining One
Jiyva

Shops:
D:10 =

Annotations:
D:3 Sigmund
D:4 1 runed translucent door, pigah's ghost, novice OpWn
Lair:3 exclusion: oklob plant


Message History

The orc warrior is wracked by anguish.
The orc warrior completely misses you.
You barely miss the orc warrior.
The orc warrior is heavily wounded.
The orc warrior hits you with a +0 long sword.
* * * LOW HITPOINT WARNING * * *
The orc warrior is wracked by anguish.
The orc warrior misses you.
You hit the orc warrior but do no damage.
The orc warrior is heavily wounded.
The orc warrior barely misses you. The orc warrior misses you.
You completely miss the orc warrior.
The orc warrior is heavily wounded.
The orc warrior misses you. The orc warrior closely misses you.
You hit the orc warrior.
The orc warrior is heavily wounded.
The orc warrior completely misses you.
The orc warrior hits you but does no damage.
You hit the orc warrior but do no damage.
The orc warrior is heavily wounded.
The orc warrior hits you with a +0 long sword!
* * * LOW HITPOINT WARNING * * *
The orc warrior is wracked by anguish!
You sock the orc warrior!
You kill the orc warrior!
Kikubaaqudgha accepts your kill.
A glowing mist starts to gather...
The orc warrior completely misses you.
You hit the orc warrior but do no damage.
The orc warrior is heavily wounded.
The orc warrior misses you.
Your spectral orc warrior misses the orc warrior.
You barely miss the orc warrior.
The orc warrior is heavily wounded.
The orc warrior hits you with a +0 dire flail.
* * * LOW HITPOINT WARNING * * *
The orc warrior is wracked by anguish.
You hit the orc warrior but do no damage.
The orc warrior is severely wounded.
Your spectral orc warrior hits the orc warrior but does no damage.
The orc warrior hits you with a +0 dire flail!
You die...
Kikubaaqudgha rasps: "You have failed me!
Welcome... death!"

##.....## ####.# #
##.......## ##.##.#
####.........####...#.#
...'.........'...(....#
####.........####...#.#
# ##.......## ##....##
##.....## ###.#...#
##...## #Zo....## ##'##
#@##.### #.# ####.# #.#
######.# ##.## #......#
##...## #.######
######.....# #.#
......#...## #.#
#####.##.## #.#
#.##.#####.#


You could see an orc warrior (ally target, anguished) and a friendly spectral
orc warrior.

Vanquished Creatures
  Jorgrun (D:13)
  Josephine (D:11)
  Harold (D:10)
  A two-headed ogre (D:12)
  A centaur warrior (D:12)
  Nergalle (D:12)
  A fire crab (Lair:5)
  5 skeletal warriors (D:12)
  4 lindwurms (D:10)
  2 manticores
  A cyclops (D:12)
  A black mamba (Lair:5)
  Maggie (D:8)
  3 cane toads (Lair:5)
  3 komodo dragons
  A rime drake (Lair:1)
  2 unseen horrors
  A troll (D:11)
  5 wraiths (D:11)
  10 yaks
  4 wyverns
  2 steam dragons
  2 redbacks (Lair:3)
  A basilisk (Lair:3)
  Eustachio (D:5)
  7 vampire mosquitoes
  A warg (Orc:1)
  4 acid dragons
  12 water moccasins
  3 sky beasts
  11 orc warriors
  An ice beast (D:4)
  An ogre (D:5)
  A wolf (Lair:1)
  2 centaurs
  5 bullfrogs
  A gnoll sergeant (D:8)
  2 scorpions
  4 wights
  9 killer bees
  A howler monkey (D:8)
  2 hounds (D:5)
  A jelly (D:6)
  3 gnoll boudas
  8 orc priests
  Crazy Yiuf (D:5)
  2 sleepcaps (D:5)
  4 iguanas
  12 orc wizards
  Natasha (thrice) (D:3)
  10 gnolls
  5 adders
  2 white imps
  A worm (D:4)
  3 dart slugs
  44 orcs
  5 ball pythons
  9 endoplasms
  2 giant cockroaches (D:3)
  4 goblins
  5 hobgoblins
  5 jackals (D:1)
  11 kobolds
  4 quokkas
  4 bats
  3 frilled lizards
  A quokka zombie (D:6)
  6 rats
  A rat zombie (D:6)
282 creatures vanquished.

Vanquished Creatures (collateral kills)
  An orc warlord (Orc:1)
  A fire dragon (Lair:5)
  2 boulder beetles (Lair:3)
  An alligator (Lair:5)
  A deep elf pyromancer (D:12)
  A manticore (D:11)
  A cyclops (D:11)
  7 black mambas
  A merfolk siren (Lair:2)
  3 elephants (Lair:3)
  A torpor snail (Lair:5)
  6 cane toads
  3 rime drakes
  5 komodo dragons
  2 trolls
  2 polar bears (Lair:5)
  A culicivora (Lair:3)
  A slime creature (Lair:5)
  2 basilisks
  A wyvern (Lair:3)
  14 yaks
  A steam dragon (Lair:5)
  A vampire mosquito (D:9)
  A redback (Lair:3)
  3 hell hounds (Lair:5)
  10 water moccasins
  An ice beast (D:8)
  An ogre (D:7)
  3 orc warriors
  6 wolves
  5 centaurs
  A phantom (D:6)
  A scorpion (D:11)
  7 bullfrogs
  3 killer bees
  2 howler monkeys (D:9)
  4 lava snakes (Lair:5)
  3 jellies (Lair:5)
  3 orc wizards
  4 gnolls (D:7)
  An adder (D:3)
  A dart slug (D:1)
  14 orcs
  A giant cockroach (D:1)
  A goblin (D:1)
  4 kobolds (D:7)
  A ball python (D:3)
140 creatures vanquished.

Vanquished Creatures (others)
  3 hydras
  Fannar (D:10)
  An alligator (Lair:5)
  An anaconda (Lair:5)
  A fire crab (Lair:5)
  2 skysharks (Lair:3)
  An anaconda zombie (Lair:5)
  An ugly thing (D:11)
  4 manticores
  An elephant (Lair:3)
  5 black mambas
  2 molten gargoyles (Lair:5)
  4 cane toads
  3 torpor snails
  A rime drake (Lair:5)
  A gargoyle (D:11)
  4 komodo dragons
  2 dream sheep
  2 black mamba zombies (Lair:5)
  A culicivora (Lair:3)
  3 jumping spiders (Lair:3)
  13 yaks
  3 wyverns
  2 basilisks
  A redback (Lair:3)
  3 cane toad zombies
  2 hell hounds (Lair:5)
  Duvessa (D:4)
  3 water moccasins (Lair:5)
  3 elephant zombies (Lair:3)
  2 manticore zombies
  A dream sheep zombie (Lair:3)
  2 wolves
  2 centaurs (D:11)
  3 vampire mosquito zombies
  2 rime drake zombies (Lair:5)
  A kobold brigand (D:7)
  4 komodo dragon zombies
  A bullfrog (Lair:4)
  2 wyvern zombies (D:8)
  A gnoll sergeant (D:8)
  9 water moccasin zombies
  A scorpion (Lair:5)
  A polar bear zombie (Lair:5)
  2 wights (D:9)
  Dowan (D:4)
  11 yak zombies
  A killer bee (D:10)
  A troll zombie (D:11)
  4 wolf zombies
  A lava snake (Lair:5)
  A centaur zombie (D:8)
  A basilisk zombie (Lair:3)
  A jelly (D:8)
  2 bullfrog zombies
  An orc priest (D:4)
  A scorpion zombie (Lair:5)
  7 killer bee zombies
  2 gnolls (D:8)
  A steam dragon zombie (D:8)
  A worm zombie (D:4)
  25 orc zombies
  A jelly zombie (D:8)
  3 gnoll zombies (D:7)
  A kobold (D:7)
  A rat zombie (D:4)
  68 fungi
  68 plants
313 creatures vanquished.

Grand Total: 735 creatures vanquished

Notes
Turn   | Place    | Note
-------+----------+-------------------------------------------
     0 | D:1      | octoduck the Deep Elf Necromancer began the quest for the
                  | Orb.
     0 | D:1      | Reached XP level 1. HP: 10/10 MP: 6/6
   125 | D:1      | Reached skill level 5 in Necromancy
   264 | D:1      | Reached XP level 2. HP: 15/15 MP: 6/8
   668 | D:1      | Reached XP level 3. HP: 19/19 MP: 7/9
  1073 | D:1      | Learned a level 3 spell: Vampiric Draining
  1862 | D:3      | Noticed Natasha
  1864 | D:3      | Killed Natasha
  1865 | D:3      | Reached XP level 4. HP: 24/24 MP: 8/10
  2076 | D:3      | Noticed Natasha
  2082 | D:3      | Killed Natasha
  2083 | D:3      | Reached skill level 6 in Necromancy
  2499 | D:3      | Noticed Natasha
  2505 | D:3      | Killed Natasha
  2506 | D:3      | Reached XP level 5. HP: 28/28 MP: 8/11
  2517 | D:3      | Learned a level 4 spell: Animate Dead
  2658 | D:3      | Noticed Sigmund
  2736 | D:4      | Found a staircase to the Ecumenical Temple.
  2748 | Temple   | Entered the Ecumenical Temple
  2816 | Temple   | Became a worshipper of Kikubaaqudgha
  2861 | D:4      | Noticed Dowan
  2886 | D:4      | Noticed Duvessa
  3176 | D:4      | Noticed Grinder
  3219 | D:5      | Entered Level 5 of the Dungeon
  3248 | D:4      | Noticed pigah's ghost (novice OpWn)
  3249 | D:4      | Found a runed translucent door.
  3471 | D:4      | Reached skill level 5 in Dodging
  3749 | D:5      | Noticed an ice beast
  3822 | D:5      | Noticed a sky beast
  3830 | D:5      | Killed a sky beast
  3831 | D:5      | Reached skill level 7 in Necromancy
  3831 | D:5      | Reached XP level 6. HP: 32/32 MP: 5/12
  3852 | D:5      | Noticed a water moccasin
  4343 | D:5      | Noticed Eustachio
  4358 | D:5      | Killed Eustachio
  4358 | D:5      | Reached * piety under Kikubaaqudgha
  4358 | D:5      | Received a gift from Kikubaaqudgha
  4432 | D:5      | Killed a water moccasin
  4433 | D:5      | Reached XP level 7. HP: 31/36 MP: 1/13
  4565 | D:5      | Reached skill level 5 in Stealth
  5055 | D:5      | Reached skill level 8 in Necromancy
  5279 | D:5      | Found a white marble altar of Elyvilon.
  5676 | D:5      | Found a basalt altar of Yredelemnul.
  6223 | D:5      | Reached XP level 8. HP: 39/41 MP: 8/14
  6350 | D:5      | Found a runed translucent door.
  6351 | D:5      | Noticed Crazy Yiuf
  6357 | D:5      | Killed Crazy Yiuf
  6371 | D:5      | Identified the +3 hammer of Discord {speed, +Blink rF+
                  | Int+2 Dex+3}
  6536 | D:6      | Reached ** piety under Kikubaaqudgha
  6543 | D:6      | Found a shimmering altar of Xom.
  6544 | D:6      | Found a hazy altar of Hepliaklqana.
  6545 | D:6      | Noticed a spectral ugly thing
  6758 | D:6      | Learned a level 3 spell: Summon Guardian Golem
  6810 | D:6      | Found a sand-covered staircase.
  7024 | D:6      | Found a radiant altar of Vehumet.
  7032 | D:6      | Reached skill level 9 in Necromancy
  7059 | D:6      | Reached skill level 1 in Shields
  7059 | D:6      | Reached skill level 1 in Hexes
  7059 | D:6      | Reached skill level 1 in Summonings
  8136 | D:4      | Killed Duvessa
  8159 | D:4      | Killed Dowan
  8160 | D:4      | Reached skill level 10 in Necromancy
  8489 | D:4      | Grinder changed into Grinder the ufetubus
  8489 | D:4      | Noticed Grinder
  8491 | D:4      | Grinder the ufetubus changed into Grinder the white imp
  8491 | D:4      | Noticed Grinder
  8496 | D:4      | Killed Grinder the white imp
  9238 | D:7      | Reached XP level 9. HP: 37/45 MP: 2/15
  9514 | D:7      | Reached skill level 5 in Hexes
 10132 | D:7      | Reached *** piety under Kikubaaqudgha
 10132 | D:7      | Received a gift from Kikubaaqudgha
 10133 | D:7      | Reached skill level 5 in Summonings
 10605 | D:8      | Found a bloodstained altar of Trog.
 10605 | D:8      | Found a sparkling altar of Nemelex Xobeh.
 10611 | D:8      | Found a hide-covered altar of Uskayaw.
 10612 | D:8      | Found a burning altar of Makhleb.
 10614 | D:8      | Found a snail-covered altar of Cheibriados.
 10614 | D:8      | Found a blossoming altar of Fedhas.
 10615 | D:8      | Found a stormy altar of Qazlal.
 10617 | D:8      | Found a glowing silver altar of Zin.
 10621 | D:8      | Found an opulent altar of Gozag.
 10819 | D:8      | Reached skill level 1 in Fighting
 10904 | D:8      | Reached skill level 11 in Necromancy
 11355 | D:8      | Noticed Maggie
 11383 | D:8      | Killed Maggie
 11878 | D:8      | Learned a level 4 spell: Dispel Undead
 11910 | D:8      | Reached XP level 10. HP: 48/53 MP: 18/18
 11942 | D:8      | Found a shadowy altar of Dithmenos.
 11989 | D:8      | Reached skill level 12 in Necromancy
 12390 | D:8      | Reached **** piety under Kikubaaqudgha
 12508 | D:8      | Reached skill level 5 in Spellcasting
 13049 | D:8      | Reached skill level 13 in Necromancy
 13122 | D:8      | Learned a level 5 spell: Agony
 14162 | D:9      | Reached skill level 14 in Necromancy
 14487 | D:9      | Learned a level 6 spell: Death Channel
 14689 | D:9      | Reached XP level 11. HP: 41/57 MP: 17/26
 15037 | D:9      | Identified the +8 chain mail of Tomorrow {+Inv Regen+ Int+3
                  | Stlth-}
 15110 | D:9      | Found an iron altar of Okawaru.
 15739 | D:10     | Entered Level 10 of the Dungeon
 15782 | D:10     | Noticed a lindwurm
 15789 | D:10     | Noticed a lindwurm
 15792 | D:10     | Noticed a lindwurm
 15796 | D:10     | Noticed a lindwurm
 15912 | D:10     | You fall into a shaft and drop 3 floors!
 15921 | D:13     | Noticed a catoblepas
 15984 | D:13     | Noticed Jorgrun
 16023 | D:13     | Killed Jorgrun
 16107 | D:12     | Noticed a centaur warrior
 16113 | D:12     | Noticed a two-headed ogre
 16185 | D:12     | Noticed a deep elf pyromancer
 16197 | D:12     | Killed a two-headed ogre
 16198 | D:12     | Reached skill level 10 in Spellcasting
 16205 | D:12     | Killed a deep elf pyromancer
 16205 | D:12     | Reached ***** piety under Kikubaaqudgha
 16222 | D:12     | Noticed a skeletal warrior
 16240 | D:12     | Killed a centaur warrior
 16257 | D:12     | Learned a level 4 spell: Anguish
 16821 | D:11     | Found a staircase to the Lair.
 17098 | D:11     | Reached skill level 10 in Dodging
 17116 | D:11     | Reached skill level 15 in Necromancy
 17542 | D:9      | Upgraded the game from 0.30-a0-879-ga8ba668304 to
                  | 0.30-a0-881-g1ff12e1e11
 18125 | D:10     | Noticed Fannar
 18151 | D:10     | Killed Fannar
 18409 | D:10     | Noticed Harold
 18628 | D:10     | Killed Harold
 18629 | D:10     | Reached XP level 12. HP: 62/62 MP: 16/28
 18789 | D:10     | Found Usikkics's Jewellery Shoppe.
 18792 | D:10     | Bought a ring of poison resistance for 320 gold pieces
 19717 | D:11     | Noticed Josephine
 20387 | Lair:1   | Entered Level 1 of the Lair of Beasts
 21178 | Lair:1   | Reached skill level 16 in Necromancy
 22222 | Lair:2   | Found a staircase to the Shoals.
 22483 | Lair:2   | Learned a level 5 spell: Freezing Cloud
 22613 | Lair:3   | Reached skill level 1 in Conjurations
 22613 | Lair:3   | Reached skill level 1 in Ice Magic
 22613 | Lair:3   | Reached skill level 1 in Air Magic
 22853 | Lair:3   | Noticed a boulder beetle
 23260 | Lair:3   | Killed a boulder beetle
 23261 | Lair:3   | Reached XP level 13. HP: 72/72 MP: 10/29
 24086 | Lair:3   | Found a hole to the Spider Nest.
 24099 | Lair:3   | Reached skill level 5 in Conjurations
 24099 | Lair:3   | Reached skill level 5 in Ice Magic
 24861 | Lair:4   | You fall into a shaft and drop 1 floor!
 24861 | Lair:5   | Entered Level 5 of the Lair of Beasts
 24901 | Lair:4   | Reached skill level 5 in Fighting
 24904 | Lair:4   | Reached skill level 5 in Air Magic
 25033 | Lair:4   | Found a stormy altar of Qazlal.
 26313 | Lair:5   | Found a staircase to the Slime Pits.
 26313 | Lair:5   | Found a viscous altar of Jiyva.
 27003 | Lair:5   | Found a large runed translucent door.
 27003 | Lair:5   | Found a large runed translucent door.
 27012 | Lair:5   | Upgraded the game from 0.30-a0-881-g1ff12e1e11 to
                  | 0.30-a0-918-g0ff054e9dc
 27036 | Lair:5   | Reached XP level 14. HP: 30/78 MP: 10/31
 28009 | Lair:5   | Learned a level 6 spell: Simulacrum
 28169 | D:11     | Killed Josephine
 28617 | D:10     | Bought a ring of flight for 280 gold pieces
 28700 | D:10     | Identified the +1 robe "Eggeokk" {rN++}
 28734 | D:10     | Identified the +1 short sword of Okawaru, Kissing {freeze,
                  | Int+4}
 28989 | D:12     | Noticed Nergalle
 28996 | D:12     | Killed Nergalle
 29719 | D:12     | Found a staircase to the Orcish Mines.
 29790 | Orc:1    | Entered Level 1 of the Orcish Mines
 30046 | Orc:1    | Found a bloodstained altar of Trog.
 30056 | Orc:1    | Noticed an orc warlord
 30092 | Orc:1    | Killed an orc warlord
 30115 | Orc:1    | Reached skill level 10 in Ice Magic
 30231 | D:12     | Learned a level 2 spell: Sublimation of Blood
 30275 | D:12     | Slain by an orc warrior

Illustrated notes

Levels and vault maps discovered:
D:1:      grunt_arrival_crossed_arrows, layout_loops_ring
D:2:      layout_basic
D:3:      layout_basic, grunt_decor_mini_mirrors, uniq_sigmund, uniq_natasha
D:4:      layout_loops_ring, minmay_temple_entry_stoned_glass, serial_glass,
          glass_columns_c, glass_columns_a, glass_columns_a, glass_columns_b,
          hellmonk_ghost_happy_afterlife, kennysheep_minor_cross, uniq_duvessa,
          uniq_grinder
D:5:      layout_cave_pods, kennysheep_ying_yang, minmay_manual_mess,
          uniq_crazy_yiuf_cottage, uniq_eustachio
D:6:      layout_loops_corners, regret_index_temple_of_mockery,
          nicolae_vehumet_altar_sigil, enter_ossuary_4
D:7:      layout_gridville
D:8:      minmay_razor_zed, layout_basic, nicolae_overflow_hallway_of_the_gods,
          lemuel_tele_altar, uniq_maggie
D:9:      layout_layer_cave, overflow_temple_1_default
D:10:     layout_loops_ring, serial_shops, nicolae_shop_behind_doors,
          minmay_lindwurm_lava, uniq_harold, uniq_fannar
D:11:     layout_grid_maze, grunt_lair_entry_orc_guard_hut, uniq_josephine
D:12:     layout_loops_corners, orc_0_dummy, uniq_nergalle
D:13:     layout_rooms, minmay_checkered_concentric_circles, uniq_jorgrun
Temple:   nicolae_temple_superstar
Lair:1:   layout_chaotic_city
Lair:2:   layout_regular_city, minmay_shoals_entry_lonely_mermaid,
          infiniplex_staircase_pool_2
Lair:3:   nzn_winding_woodlands_medium [nzn_winding_woodlands_5x5_three,
          nzn_winding_woodlands_5x15_zeroes,
          nzn_winding_woodlands_5x5_open_star,
          nzn_winding_woodlands_5x5_closed_star,
          nzn_winding_woodlands_center_garden,
          nzn_winding_woodlands_5x5_perimeter, nzn_winding_woodlands_5x5_cross,
          nzn_winding_woodlands_5x15_garden,
          nzn_winding_woodlands_5x5_checkerboard], layout_cave_shapes,
          nicolae_spider_entry_tight_spaces
Lair:4:   layout_regular_city, basic_altar
Lair:5:   cheibrodos_lair_end_hotspot, layout_loops_ring,
          minmay_slime_entry_pillars, serial_rivers,
          chequers_serial_rivers_room_b, chequers_serial_rivers_small_a,
          chequers_serial_rivers_micro_c, chequers_serial_rivers_large_a,
          chequers_serial_rivers_micro_a, minivault_25
Orc:1:    layout_caves, basic_altar, portal_ice_cave_entry_animals_and_master

Skill      XL: |  1  2  3  4  5  6  7  8  9 10 11 12 13 14 |
---------------+-------------------------------------------+-----
Necromancy     | 5 6 7 8 10 11 14 15 16 | 16.1
Dodging        | 3 4 5 6 7 11 12 | 12.0
Stealth        | 3 4 6 |  6.3
Shields        | 2 |  2.1
Hexes          | 3 6 7 8 |  8.6
Summonings     | 3 5 |  5.0
Fighting       | 2 4 5 |  5.0
Spellcasting   | 4 9 10 11 | 11.7
Conjurations   | 3 6 8 |  8.0
Ice Magic      | 3 8 10 | 10.0
Air Magic      | 3 6 7 |  7.1

Action                     |  1- 3 |  4- 6 |  7- 9 | 10-12 | 13-15 || total
---------------------------+-------+-------+-------+-------+-------++-------
  Melee: Dagger            |       |     4 |    10 |       |       ||    14
         Mace              |       |       |   122 |   218 |   174 ||   514
  Throw: Dart              |       |     4 |     2 |       |       ||     6
   Cast: Necrotise         |    53 |    84 |   161 |    80 |     7 ||   385
         Vampiric Draining |       |     4 |    54 |    70 |       ||   128
         Summon Guardian G |       |       |    13 |    20 |       ||    33
         Animate Dead      |       |       |     9 |    29 |     4 ||    42
         Agony             |       |       |       |    29 |    16 ||    45
         Dispel Undead     |       |       |       |    19 |    11 ||    30
         Death Channel     |       |       |       |    19 |    17 ||    36
         Anguish           |       |       |       |    45 |    40 ||    85
         Freezing Cloud    |       |       |       |       |    17 ||    17
         Simulacrum        |       |       |       |       |     6 ||     6
 Invoke: Unearth Wretches  |       |       |     1 |     2 |     7 ||    10
Ability: Evoke Blink       |       |       |     1 |       |       ||     1
  Evoke: Wand              |       |       |    13 |     9 |     4 ||    26
    Use: Scroll            |     5 |     4 |     2 |    16 |     7 ||    34
         Potion            |       |     1 |     4 |     5 |     1 ||    11
   Stab: Sleeping          |       |       |     6 |     2 |     2 ||    10
         Paralysed         |       |       |     2 |     2 |     2 ||     6
         Distracted        |       |       |     2 |     4 |     5 ||    11
 Armour: Robe              |     2 |    11 |    57 |   105 |    57 ||   232
         Acid dragon scale |       |       |       |     3 |       ||     3
  Dodge: Dodged            |     2 |    43 |   217 |   347 |   285 ||   894
  Block: Buckler           |       |       |    48 |   116 |    70 ||   234

Table legend: (Time is in decaauts)
 A = Elapsed time spent in this place.
 B = Non-inter-level travel time spent in this place.
 C = Inter-level travel time spent in this place.
 D = Time resting spent in this place.
 E = Time spent auto-exploring this place.
 F = Levels seen in this place.
 G = Mean time per level.
                   A        B        C        D        E       F      G
               +--------+--------+--------+--------+--------+-----+--------+
         Total |  32374 |  29543 |   2831 |   8304 |  14186 |  20 | 1618.7 |
       Dungeon |  23307 |  20816 |   2491 |   6525 |   9087 |  13 | 1792.8 |
        Temple |     81 |     69 |     12 |      0 |     56 |   1 |   81.0 |
          Lair |   8872 |   8546 |    326 |   1779 |   5042 |   5 | 1774.4 |
  Orcish Mines |    112 |    111 |      1 |      0 |      0 |   1 |  112.0 |
               +--------+--------+--------+--------+--------+-----+--------+

Top non-repeatable levels by time:
     D:8: 2776 daAuts
     D:9: 2610 daAuts
  Lair:5: 2604 daAuts
    D:11: 2576 daAuts
     D:5: 2329 daAuts
  Lair:3: 2261 daAuts
    D:10: 2250 daAuts
     D:7: 1933 daAuts
     D:4: 1767 daAuts
  Lair:4: 1697 daAuts
     D:6: 1683 daAuts
     D:3: 1643 daAuts
    D:12: 1596 daAuts
  Lair:1: 1305 daAuts
     D:1: 1079 daAuts
